SKY
NEW YORK METS @ MIAMI MARLINS
02/26/2052
 
TOP OF THE 1ST
New York Mets batting - Pitching for Miami Marlins : RHP José Hernández
Pitching: RHP José Hernández
Batting: RHB Jonathan Mitchell 0-0: Swinging Strike
0-1: Ball
1-1: Foul Ball, location: 9LSF
1-2: Foul Ball, location: 2LF
1-2: Fly out, F6 (Popup, 6, EV 61.3 MPH)
Batting: RHB Miroel Alcantar 0-0: Bunt for hit to 25 - play at first, batter OUT! 5-3
Batting: LHB Earl Jones 0-0: Ball
1-0: Ball
2-0: Called Strike
2-1: Called Strike
2-2: Ball
3-2: Ground out U3 (Groundball, 3, EV 88.8 MPH)
Top of the 1st over - 0 runs, 0 hits, 0 errors, 0 left on base; New York 0 - Miami 0
BOTTOM OF THE 1ST
Miami Marlins batting - Pitching for New York Mets : RHP Ryan Stucky
Pitching: RHP Ryan Stucky
Batting: LHB Mike Rundle 0-0: Fly out, F8 (Flyball, 8LM, EV 89.4 MPH)
Batting: SHB Woody Boyd 0-0: Ball
1-0: Fly out, F8 (Flyball, 8RD, EV 90.6 MPH)
Batting: LHB Bernardo García 0-0: SINGLE (Groundball, 34D, EV 96.3 MPH)
Batting: LHB Russ Hicks 0-0: Ground out 4-3 (Groundball, 4, EV 104.4 MPH)
Bottom of the 1st over - 0 runs, 1 hit, 0 errors, 1 left on base; New York 0 - Miami 0
TOP OF THE 2ND
New York Mets batting - Pitching for Miami Marlins : RHP José Hernández
Batting: LHB Gonzalo Morzaroti 0-0: Ball
1-0: Ball
2-0: Ball
3-0: Reached on error, E3 (Groundball, 3, EV 87.5 MPH)
Batting: RHB Jeremy Zimmerman 0-0: Called Strike
0-1: Ball
1-1: Called Strike
1-2: Strikes out swinging
Batting: LHB Austin Pantoja 0-0: Called Strike
0-1: Ball
1-1: DOUBLE (Flyball, 8LXD, EV 103.1 MPH)
Gonzalo Morzaroti to third
Batting: LHB Enrique Reyna 0-0: Ball
1-0: Foul Ball, location: 2F
1-1: Ball
2-1: Ground out 4-3 (Groundball, 4, EV 106.3 MPH)
Batting: LHB Cody Phillips 0-0: Ball
1-0: Reached on error, E3 (Groundball, 3S, EV 68.8 MPH)
Gonzalo Morzaroti scores
Batting: LHB Alexander Sasso 0-0: Ball
1-0: Called Strike
1-1: Ball
2-1: Ball
3-1: Base on Balls
Austin Pantoja to third
Cody Phillips to second
Batting: RHB Jonathan Mitchell 0-0: Called Strike
0-1: Called Strike
0-2: Fielders Choice at 2nd, 6-4 (Groundball, 6, EV 102.5 MPH)
Top of the 2nd over - 1 run, 1 hit, 2 errors, 3 left on base; New York 1 - Miami 0
BOTTOM OF THE 2ND
Miami Marlins batting - Pitching for New York Mets : RHP Ryan Stucky
Batting: RHB Matías Iñiguez 0-0: Foul Ball, location: 2F
0-1: Called Strike
0-2: Ball
1-2: TRIPLE (Flyball, 78XD, EV 87.5 MPH)
Batting: LHB Sascha McDuffie 0-0: Swinging Strike
0-1: Called Strike
0-2: Ball
1-2: SINGLE (Groundball, 4MD, EV 98.8 MPH)
Matías Iñiguez scores
Batting: LHB Dave Early 0-0: Called Strike
Sascha McDuffie steals 2nd base
0-1: Foul Ball, location: 23F
0-2: Ball
1-2: Ball
2-2: DOUBLE (Line Drive, 3D, EV 100.0 MPH)
Sascha McDuffie scores
Batting: LHB Jacob Walters 0-0: Called Strike
0-1: Foul Ball, location: 7LSF
0-2: Foul Ball, location: 5SF
0-2: Fly out, F9 (Flyball, 9, EV 95.6 MPH)
Batting: RHB Ghordy Paño 0-0: Called Strike
0-1: Ball
1-1: Ball
2-1: Fly out, F9 (Line Drive, 89M, EV 86.3 MPH)
Batting: LHB Mike Rundle 0-0: Ground out 1-3 (Groundball, 13S, EV 67.5 MPH)
Bottom of the 2nd over - 2 runs, 3 hits, 0 errors, 1 left on base; New York 1 - Miami 2
TOP OF THE 3RD
New York Mets batting - Pitching for Miami Marlins : RHP José Hernández
Batting: RHB Miroel Alcantar 0-0: Ball
1-0: Foul Ball, location: 2F
1-1: Foul Ball, location: 5F
1-2: Ball
2-2: SINGLE (Groundball, 34D, EV 95.0 MPH)
Pitching: RHP Ricardo Balderas
Batting: LHB Earl Jones 0-0: Ball
Miroel Alcantar steals 2nd base
1-0: Ground out 6-3 (Groundball, P, EV 85.0 MPH)
Batting: LHB Gonzalo Morzaroti 0-0: Ball
1-0: Called Strike
1-1: Swinging Strike
1-2: Foul Ball, location: 9LSFF
1-2: Strikes out looking
Batting: RHB Jeremy Zimmerman 0-0: Ball
1-0: Ball
2-0: Ball
3-0: Base on Balls
Batting: LHB Austin Pantoja 0-0: Ball
1-0: Ball
2-0: Ball
3-0: 3-RUN HOME RUN (Flyball, 9LD, EV 95.6 MPH), Distance : 337 ft
Batting: LHB Enrique Reyna 0-0: Swinging Strike
0-1: Foul Ball, location: 7LDF
0-2: Strikes out swinging
Top of the 3rd over - 3 runs, 2 hits, 0 errors, 0 left on base; New York 4 - Miami 2
BOTTOM OF THE 3RD
Miami Marlins batting - Pitching for New York Mets : RHP Ryan Stucky
Batting: SHB Woody Boyd 0-0: Fly out, F7 (Line Drive, 7, EV 91.3 MPH)
Batting: LHB Bernardo García 0-0: Called Strike
0-1: Ball
1-1: Called Strike
1-2: Ball
2-2: Ground out 5-3 (Groundball, 5, EV 98.8 MPH)
Batting: LHB Russ Hicks 0-0: Ball
1-0: Swinging Strike
1-1: Ball
2-1: Fly out, F8 (Line Drive, 8LM, EV 91.9 MPH)
Bottom of the 3rd over - 0 runs, 0 hits, 0 errors, 0 left on base; New York 4 - Miami 2
TOP OF THE 4TH
New York Mets batting - Pitching for Miami Marlins : RHP Ricardo Balderas
Pitching: RHP Tyrek Holmes
Batting: LHB Cody Phillips 0-0: Ground out U3 (Groundball, 34, EV 101.3 MPH)
Batting: LHB Alexander Sasso 0-0: Ball
1-0: Ball
2-0: Called Strike
2-1: Foul Ball, location: 2F
2-2: Ball
3-2: Foul Ball, location: 7LSF
3-2: Base on Balls
Batting: RHB Jonathan Mitchell 0-0: Ball
1-0: Called Strike
1-1: DOUBLE (Flyball, 89XD, EV 106.9 MPH)
Alexander Sasso to third
Runner from 3rd tries for Home, SAFE, throw by RF to home
Pinch Hitting: RHB Zechariah Yazzie 0-0: Swinging Strike
0-1: Foul Ball, location: 3F
0-2: Ball
1-2: Strikes out swinging
Batting: LHB Earl Jones 0-0: Ball
1-0: Ball
2-0: Foul Ball, location: 3F
2-1: Ground out 4-3 (Groundball, 4M, EV 84.4 MPH)
Top of the 4th over - 1 run, 1 hit, 0 errors, 1 left on base; New York 5 - Miami 2
BOTTOM OF THE 4TH
Miami Marlins batting - Pitching for New York Mets : RHP Ryan Stucky
Now in RF: Zechariah Yazzie
Batting: RHB Matías Iñiguez 0-0: Ball
1-0: Ball
2-0: Foul Ball, location: 5DF
2-1: DOUBLE (Flyball, 78XD, EV 90.6 MPH)
Pitching: RHP Scott Corona
Batting: LHB Sascha McDuffie 0-0: Ball
1-0: Called Strike
1-1: Ball
2-1: Ball
3-1: Base on Balls
Batting: LHB Dave Early 0-0: Ball
1-0: Ball
2-0: Ball
3-0: Called Strike
3-1: Foul Ball, location: 2F
3-2: DOUBLE (Flyball, 8LXD, EV 101.3 MPH)
Matías Iñiguez scores
Sascha McDuffie to third
Batting: LHB Jacob Walters 0-0: Ball
1-0: Foul Ball, location: 2F
1-1: Ground out 4-3 (Groundball, 4M, EV 80.6 MPH)
Batting: RHB Ghordy Paño 0-0: Foul Ball, location: 2F
0-1: Ball
1-1: Ball
2-1: Called Strike
2-2: Ball
3-2: Foul Ball, location: 3DF
3-2: Base on Balls
Pinch Hitting: LHB Kyle Campbell 0-0: Called Strike
0-1: Ball
1-1: Swinging Strike
1-2: DOUBLE (Line Drive, 9LM, EV 103.1 MPH)
Sascha McDuffie scores
Dave Early scores
Ghordy Paño to third
Batting: SHB Woody Boyd 0-0: Called Strike
0-1: Foul Ball, location: 2F
0-2: Ball
1-2: Strikes out swinging
Pinch Hitting: RHB Sherman Sanchez 0-0: Ball
1-0: Foul Ball, location: 9LSF
1-1: Ball
2-1: Ball
3-1: Ground out 6-3 (Groundball, 4MS, EV 63.1 MPH)
Bottom of the 4th over - 3 runs, 3 hits, 0 errors, 2 left on base; New York 5 - Miami 5
TOP OF THE 5TH
New York Mets batting - Pitching for Miami Marlins : RHP Tyrek Holmes
Pitching: LHP Simon Lohry
Now at 1B: Wil De Jesus
Now at 2B: Ghordy Paño
Now at 3B: Ezra Simmons
Now at SS: Sherman Sanchez
Now in CF: Kyle Campbell
Now in RF: Woody Boyd
Batting: SHB Emmanuel González 0-0: Called Strike
0-1: Ball
1-1: Ground out 4-3 (Groundball, 4S, EV 81.9 MPH)
Pinch Hitting: LHB Kris Thomas 0-0: Ball
1-0: Ground out U3 (Groundball, 3, EV 86.9 MPH)
Pinch Hitting: RHB Steven Nash 0-0: Ground out 6-3 (Groundball, 6, EV 102.5 MPH)
Top of the 5th over - 0 runs, 0 hits, 0 errors, 0 left on base; New York 5 - Miami 5
BOTTOM OF THE 5TH
Miami Marlins batting - Pitching for New York Mets : RHP Scott Corona
Now at C: Chase Huber
Now at 1B: Steven Nash
Now at 2B: Reuel Walker
Now at SS: Jaxon Lacombe
Now in CF: Zechariah Yazzie
Now in RF: Kris Thomas
Batting: RHB Wil De Jesus 0-0: Called Strike
0-1: Ball
1-1: Ball
2-1: Swinging Strike
2-2: Strikes out swinging
Batting: RHB Ezra Simmons 0-0: Ball
1-0: DOUBLE (Flyball, 8LD, EV 104.4 MPH)
Batting: RHB Sam Calder 0-0: Called Strike
0-1: Swinging Strike
0-2: Ball
1-2: Ball
2-2: Strikes out swinging
Pinch Hitting: LHB Michael Clark 0-0: Called Strike
0-1: Ball
1-1: Ball
2-1: Ball
3-1: Fly out, F7 (Flyball, 7, EV 93.8 MPH)
Bottom of the 5th over - 0 runs, 1 hit, 0 errors, 1 left on base; New York 5 - Miami 5
TOP OF THE 6TH
New York Mets batting - Pitching for Miami Marlins : LHP Simon Lohry
Pitching: RHP Marco Ortiz
Now at 1B: Ezra Simmons
Now at 2B: Wil De Jesus
Now at 3B: Anatole Swiney
Now in LF: Michael Clark
Batting: RHB Chase Huber 0-0: Fly out, F8 (Flyball, 8RD, EV 84.4 MPH)
Pinch Hitting: RHB Eugene Aguirre 0-0: Called Strike
0-1: Swinging Strike
0-2: Hit by Pitch
Pinch Hitting: RHB Chris Thurman 0-0: Ball
1-0: Ball
2-0: Swinging Strike
2-1: Ball
3-1: Foul Ball, location: 3FF
3-2: Foul Ball, location: 5FF
3-2: Grounds into double play, 6-4-3 (Groundball, 6M, EV 108.1 MPH)
Top of the 6th over - 0 runs, 0 hits, 0 errors, 0 left on base; New York 5 - Miami 5
BOTTOM OF THE 6TH
Miami Marlins batting - Pitching for New York Mets : RHP Scott Corona
Pitching: RHP Colton Parisi
Now at 3B: Chris Thurman
Now in LF: Eugene Aguirre
Batting: LHB Jacob Walters 0-0: Called Strike
0-1: Foul Ball, location: 23F
0-2: Foul Ball, location: 3F
0-2: Ball
1-2: Ground out 3-1 (Groundball, 34, EV 91.3 MPH)
Batting: RHB Anatole Swiney 0-0: Ball
1-0: Ball
2-0: SINGLE (Groundball, 56D, EV 103.1 MPH)
Batting: LHB Kyle Campbell 0-0: Fly out, F7 (Flyball, 7LM, EV 90.0 MPH)
Pinch Hitting: RHB Jackson Sims 0-0: Ground out 4-3 (Groundball, 34, EV 80.0 MPH)
Bottom of the 6th over - 0 runs, 1 hit, 0 errors, 1 left on base; New York 5 - Miami 5
TOP OF THE 7TH
New York Mets batting - Pitching for Miami Marlins : RHP Marco Ortiz
Pitching: RHP Charley Konno
Now in RF: Jackson Sims
Pinch Hitting: LHB Nolan Gore 0-0: Foul Ball, location: 2RF
0-1: Ball
1-1: Called Strike
1-2: Strikes out looking
Pinch Hitting: LHB L.T. Simmons 0-0: Fly out, F7 (Flyball, 78D, EV 101.3 MPH)
Pinch Hitting: LHB Lauro Maldonado 0-0: Ball
1-0: Ball
2-0: Swinging Strike
2-1: Ball
3-1: SINGLE (Line Drive, 78M, EV 95.0 MPH)
Batting: SHB Emmanuel González 0-0: Foul Ball, location: 9LSF
0-1: Ground out 4-3 (Groundball, 34S, EV 83.8 MPH)
Top of the 7th over - 0 runs, 1 hit, 0 errors, 1 left on base; New York 5 - Miami 5
BOTTOM OF THE 7TH
Miami Marlins batting - Pitching for New York Mets : RHP Colton Parisi
Pitching: RHP Ethan Etling
Now at 1B: Nolan Gore
Now at 2B: Steven Nash
Now at SS: Dennis Hardwick
Now in CF: Lauro Maldonado
Batting: RHB Sherman Sanchez 0-0: Called Strike
0-1: Ball
1-1: Swinging Strike
1-2: SINGLE (Line Drive, 8LS, EV 93.8 MPH)
Batting: RHB Wil De Jesus 0-0: Ball
1-0: Swinging Strike
1-1: Ball
2-1: Fly out, F3 (Popup, 3S, EV 81.3 MPH)
Batting: RHB Ezra Simmons 0-0: Ball
1-0: Foul Ball, location: 5DF
1-1: Foul Ball, location: 3FF
1-2: Ball
2-2: Ball
3-2: Base on Balls
Sherman Sanchez to second
Batting: RHB Sam Calder 0-0: Swinging Strike
0-1: Fielders Choice at 2nd, 1-6 (Groundball, 34S, EV 69.4 MPH)
Sherman Sanchez to third
Batting: LHB Michael Clark 0-0: Ball
1-0: Ball
2-0: SINGLE (Groundball, 4, EV 106.3 MPH) (infield hit)
Sherman Sanchez scores
Sam Calder to second
Batting: LHB Jacob Walters 0-0: Called Strike
0-1: Ball
1-1: Called Strike
1-2: Foul Ball, location: 2F
1-2: SINGLE (Line Drive, 34, EV 98.1 MPH)
Sam Calder to third
Michael Clark to second
Batting: RHB Anatole Swiney 0-0: Ball
1-0: Ground out 3-1 (Groundball, 34S, EV 81.9 MPH)
Bottom of the 7th over - 1 run, 3 hits, 0 errors, 3 left on base; New York 5 - Miami 6
TOP OF THE 8TH
New York Mets batting - Pitching for Miami Marlins : RHP Charley Konno
Pitching: RHP Sam Bridges
Batting: LHB Kris Thomas 0-0: Ball
1-0: Called Strike
1-1: SINGLE (Flyball, 9S, EV 99.4 MPH)
Pinch Hitting: SHB C.J. Rolon 0-0: Called Strike
0-1: Fielders Choice at 2nd, 1-6 (Groundball, 34S, EV 63.8 MPH)
Pinch Hitting: SHB Ryan Tucker 0-0: Ball
1-0: Foul Ball, location: 9LSF
1-1: Ball
2-1: Ball
3-1: Called Strike
3-2: Foul Ball, location: 9LSF
3-2: Strikes out looking
Batting: RHB Eugene Aguirre 0-0: Ball
1-0: Called Strike
1-1: Ball
2-1: Ball
3-1: Foul Ball, location: 5F
3-2: Ground out 6-3 (Groundball, 6, EV 103.1 MPH)
Top of the 8th over - 0 runs, 1 hit, 0 errors, 1 left on base; New York 5 - Miami 6
BOTTOM OF THE 8TH
Miami Marlins batting - Pitching for New York Mets : RHP Ethan Etling
Now at C: Ryan Tucker
Now at 2B: Lauro Maldonado
Now in CF: C.J. Rolon
Pinch Hitting: RHB Will McBee 0-0: Foul Ball, location: 9LSF
0-1: Ball
1-1: Fly out, F7 (Flyball, 7, EV 74.4 MPH)
Batting: RHB Jackson Sims 0-0: Called Strike
0-1: Ball
1-1: Ground out 5-3 (Groundball, 5, EV 81.3 MPH)
Batting: RHB Sherman Sanchez 0-0: Called Strike
0-1: Foul Ball, location: 25F
0-2: Ball
1-2: SINGLE (Flyball, 34D, EV 86.9 MPH)
Pinch Hitting: RHB Ron Hirt 0-0: Ball
1-0: Ball
2-0: Ball
3-0: Called Strike
3-1: SINGLE (Line Drive, 8LM, EV 95.0 MPH)
Sherman Sanchez to second
Runner from 2nd tries for 3rd, SAFE, throw by CF made to third
Pinch Hitting: RHB Taylor Shepler 0-0: Called Strike
0-1: Ball
1-1: Called Strike
1-2: Fly out, F8 (Flyball, 8LM, EV 95.6 MPH)
Bottom of the 8th over - 0 runs, 2 hits, 0 errors, 2 left on base; New York 5 - Miami 6
TOP OF THE 9TH
New York Mets batting - Pitching for Miami Marlins : RHP Sam Bridges
Pitching: LHP Erwin Bombara
Now at 1B: Taylor Shepler
Now at 2B: Ron Hirt
Now in CF: Will McBee
Batting: RHB Chris Thurman 0-0: Ball
1-0: Foul Ball, location: 2F
1-1: Fly out, F8 (Line Drive, 8RM, EV 89.4 MPH)
Pinch Hitting: RHB Alexander Wolff 0-0: Foul Ball, location: 2F
0-1: Ground out 4-3 (Groundball, 4, EV 88.1 MPH)
Batting: RHB Dennis Hardwick 0-0: Ball
1-0: Called Strike
1-1: Ground out 1-3 (Groundball, 34S, EV 62.5 MPH)
Top of the 9th over - 0 runs, 0 hits, 0 errors, 0 left on base; New York 5 - Miami 6
Saturday, April 13th , 2024 - OOTP Baseball 24.11 Build 85